 Dungeon Crawl Stone Soup version 0.21-a0-394-gdc75ea7 (webtiles) character file.

33614 tof the Carver (level 13, -7/118 HPs)
             Began as a Minotaur Monk on Oct 18, 2017.
             Was a High Priest of Wu Jian.
             Mangled by an 11-headed hydra (10 damage)
             ... on level 5 of the Lair of Beasts.
             The game lasted 00:41:20 (15402 turns).

tof the Carver (Minotaur Monk)                     Turns: 15402, Time: 00:41:20

Health: -7/118     AC: 14    Str: 21    XL:     13   Next: 37%
Magic:  12/12      EV: 20    Int:  7    God:    Wu Jian [*****.]
Gold:   1080       SH:  0    Dex: 16    Spells: 12/12 levels left

rFire    . . .     SeeInvis .   a - +3 great sword (drain)
rCold    + . .     Gourm    .   (shield currently unavailable)
rNeg     . . .     Faith    .   y - +2 troll leather armour {Snorg}
rPois    .         Spirit   .   (helmet restricted)
rElec    .         Reflect  .   m - +1 cloak
rCorr    .         Harm     .   D - +1 pair of gloves {Dex+3}
MR       .....                  w - +0 pair of boots
Stlth    ++........             u - amulet of rage
HPRegen  0.69/turn              p - ring of protection from cold
MPRegen  0.13/turn              (no ring)

@: drained
A: retaliatory headbutt, horns 2
a: Serpent's Lash, Heavenly Storm, Renounce Religion, Evoke Berserk Rage


You were on level 5 of the Lair of Beasts.
You worshipped Wu Jian.
Wu Jian was extremely pleased with you.
You were not hungry.

You visited 3 branches of the dungeon, and saw 17 of its levels.

You collected 1080 gold pieces.

Inventory:

Hand Weapons
 a - a +3 great sword of draining (weapon)
 b - a +0 blowgun
 N - a +0 long sword of holy wrath
Missiles
 i - 6 javelins of returning (quivered)
 t - 10 poisoned needles
 v - 7 curare-tipped needles
 B - 9 poisoned javelins
 U - 8 javelins
Armour
 m - a +1 cloak (worn)
 w - a +0 pair of boots (worn)
 y - a +2 troll leather armour (worn) {Snorg}
 D - a +1 pair of gloves of dexterity (worn)
Jewellery
 j - an uncursed amulet of guardian spirit
 p - a ring of protection from cold (left hand)
 q - an uncursed amulet of the gourmand
 u - an amulet of rage (around neck)
Wands
 A - a wand of disintegration (3/24)
 Q - a wand of disintegration (6/24)
 W - a wand of lightning (9/15)
 X - a wand of flame (19/48)
 Y - a wand of iceblast (6/15)
Scrolls
 d - a scroll of holy word
 e - 5 scrolls of teleportation
 f - a scroll of fog
 h - 12 scrolls of remove curse
 k - 5 scrolls of enchant armour
 n - a scroll of magic mapping
 x - 3 scrolls of fear
 C - 2 scrolls of recharging
 H - a scroll of identify
 I - 2 scrolls of blinking
Potions
 l - 3 potions of curing
 r - a potion of agility
 s - a potion of ambrosia
 z - a potion of berserk rage
 E - a potion of haste
 M - 4 potions of might
 P - 4 potions of flight {unknown}
 T - 3 potions of heal wounds
Books
 O - a book of Maledictions

   Spells                             Type                      Level
   a - Corona                         Hexes                        1
   b - Ensorcelled Hibernation        Hexes/Ice                    2
   c - Confuse                        Hexes                        3
   d - Tukima's Dance                 Hexes                        3
   e - Dazzling Spray                 Conjuration/Hexes            3
 V - a book of Geomancy

   Spells                             Type                      Level
   a - Sandblast                      Earth                        1
   b - Passwall                       Transmutation/Earth          2
   c - Stone Arrow                    Conjuration/Earth            3
   d - Petrify                        Transmutation/Earth          4
   e - Lee's Rapid Deconstruction     Earth                        5
Comestibles
 c - 6 bread rations
 g - 8 royal jellies
 o - 8 meat rations
 F - 5 fruits


   Skills:
 + Level 12.2(11.9) Fighting
 + Level 13.9(13.5) Long Blades
 + Level 10.0(9.6) Throwing
 + Level 11.9(11.5) Armour
 + Level 11.6(11.2) Dodging
 - Level 1.5(1.3) Stealth


You had 12 spell levels left.
You didn't know any spells.

Dungeon Overview and Level Annotations

Branches:
Dungeon (11/15)            Temple (1/1) D:5            Lair (5/6) D:9
  Swamp (0/4) Lair:2       Spider (0/4) Lair:3        Slime (0/5) Lair:5
    Orc (0/2) D:9

Altars:
Cheibriados
Dithmenos
Elyvilon
Fedhas
Gozag
Hepliaklqana
Kikubaaqudgha
Makhleb
Nemelex Xobeh
Okawaru
Qazlal
Ru
Sif Muna
Trog
Uskayaw
Vehumet
Wu Jian
Xom
Yredelemnul
Zin
The Shining One
Jiyva


Innate Abilities, Weirdness & Mutations

You reflexively headbutt those who attack you in melee.
You have a pair of horns on your head.


Message History

The 11-headed hydra barely misses you.
The 11-headed hydra bites you but does no damage.
The 11-headed hydra completely misses you.
The 11-headed hydra bites you but does no damage. x3
The 11-headed hydra barely misses you.
The 11-headed hydra bites you but does no damage.
The 11-headed hydra bites you!
* * * LOW HITPOINT WARNING * * *
You barely miss the 11-headed hydra.
The 11-headed hydra is almost dead.
The 11-headed hydra bites you!
* * * LOW HITPOINT WARNING * * *
The 11-headed hydra barely misses you. The 11-headed hydra bites you.
* * * LOW HITPOINT WARNING * * *
The 11-headed hydra misses you. The 11-headed hydra bites you!
* * * LOW HITPOINT WARNING * * *
The 11-headed hydra bites you but does no damage.
The 11-headed hydra closely misses you. The 11-headed hydra misses you. x3
The 11-headed hydra bites you!
You die...

#...........#.....
#...........P.....
#P......>.........
#.................
#.#.............P.
###.........#PP#..
#.........####
#.......###
#?.D@..#.#
#..P...#.####
#.......##.##
###....##### #....
#...# ##.. ...


You could see a 11-headed hydra.

Vanquished Creatures
  Gastronok (Lair:2)
  Snorg (Lair:3)
  Harold (Lair:3)
  2 hydras
  3 two-headed ogres (D:8)
  Urug (Lair:2)
  The ghost of MrVivor the Unseen, a novice SpAs of Dithmenos (D:8)
  An orange crystal statue (D:11)
  An orb spider (Lair:3)
  A manticore (D:11)
  7 black mambas
  An ugly thing (D:11)
  An ice statue (D:11)
  Joseph (D:7)
  A gargoyle (D:10)
  3 komodo dragons
  7 spiny frogs
  A troll (D:9)
  14 blink frogs
  2 polar bears
  10 hippogriffs
  3 spriggans
  A shadow (D:11)
  2 basilisks
  2 wyverns
  31 yaks
  Grum (Lair:1)
  A hungry ghost (D:10)
  3 wargs (D:9)
  Menkaure (D:7)
  5 water moccasins
  4 porcupines
  5 orc warriors
  3 ice beasts
  2 black bears
  4 ogres
  A phantom (D:8)
  15 wolves
  7 crocodiles
  2 centaurs (D:5)
  2 big kobolds
  14 bullfrogs
  2 scorpions
  4 killer bees (D:11)
  An electric eel (Lair:2)
  2 howler monkeys
  3 crimson imps
  A quasit (D:9)
  Crazy Yiuf (D:2)
  3 centaur skeletons
  2 jellies (D:8)
  4 orc priests
  9 hounds
  9 orc wizards
  Jessica (D:6)
  3 iguanas
  Natasha (thrice) (D:3)
  3 worker ants
  A hound zombie (D:5)
  A worker ant zombie (D:8)
  A gnoll (D:1)
  A howler monkey skeleton (D:11)
  5 adders
  A shadow imp (D:5)
  4 oozes
  2 adder skeletons
  2 worms (D:2)
  A dart slug (D:1)
  5 leopard geckos
  25 orcs
  A ball python (D:2)
  7 goblins
  6 hobgoblins
  11 jackals
  5 quokkas
  4 bats
  9 frilled lizards
  A jackal skeleton (D:7)
  17 kobolds
  A quokka zombie (D:8)
  13 rats
345 creatures vanquished.

Vanquished Creatures (others)
  2 fungi
  2 plants
4 creatures vanquished.

Grand Total: 349 creatures vanquished

Notes
Turn   | Place    | Note
-------+----------+-------------------------------------------
     0 | D:1      | tof the Minotaur Monk began the quest for the Orb.
     0 | D:1      | Reached XP level 1. HP: 19/19 MP: 0/0
   215 | D:1      | Reached skill level 1 in Armour
   215 | D:1      | Reached XP level 2. HP: 20/27 MP: 1/1
   219 | D:1      | Reached skill level 4 in Long Blades
   722 | D:2      | Reached XP level 3. HP: 32/33 MP: 2/2
   922 | D:2      | Found a runed door.
   926 | D:2      | Noticed Crazy Yiuf
   931 | D:2      | Killed Crazy Yiuf
   931 | D:2      | Reached XP level 4. HP: 40/40 MP: 3/3
  1068 | D:2      | Reached skill level 1 in Throwing
  1531 | D:3      | Reached skill level 5 in Long Blades
  1535 | D:3      | Reached XP level 5. HP: 26/46 MP: 4/4
  1806 | D:3      | Noticed Natasha
  1817 | D:3      | Killed Natasha
  2244 | D:3      | Noticed Natasha
  2253 | D:3      | Killed Natasha
  2484 | D:3      | Found a faded altar of an unknown god.
  2622 | D:3      | Noticed Natasha
  2628 | D:3      | Killed Natasha
  2628 | D:3      | Reached XP level 6. HP: 53/53 MP: 5/5
  2836 | D:4      | You fall through a shaft!
  2836 | D:5      | Entered Level 5 of the Dungeon
  3239 | D:5      | Noticed an ice beast
  3269 | D:5      | Killed an ice beast
  3269 | D:5      | Reached skill level 6 in Long Blades
  3429 | D:5      | Reached skill level 5 in Fighting
  3429 | D:5      | Reached XP level 7. HP: 53/61 MP: 6/6
  3572 | D:5      | Found a staircase to the Ecumenical Temple.
  3587 | Temple   | Entered the Ecumenical Temple
  3911 | D:5      | Reached skill level 5 in Dodging
  4049 | D:5      | Reached skill level 7 in Long Blades
  4224 | D:5      | Identified a scroll of acquirement
  4295 | D:6      | Found a stormy altar of Qazlal.
  4298 | D:6      | Found a sparkling altar of Nemelex Xobeh.
  4301 | D:6      | Found a burning altar of Makhleb.
  4311 | D:6      | Found a sacrificial altar of Ru.
  4374 | D:6      | Found a sparkling altar of Nemelex Xobeh.
  4374 | D:6      | Noticed Jessica
  4378 | D:6      | Killed Jessica
  4702 | D:6      | Reached XP level 8. HP: 70/70 MP: 7/7
  5268 | D:7      | Found an opulent altar of Gozag.
  5474 | D:7      | Reached skill level 8 in Long Blades
  5543 | D:7      | Reached skill level 5 in Armour
  5569 | D:7      | Noticed Menkaure
  5575 | D:7      | Killed Menkaure
  5868 | D:7      | Noticed Joseph
  5886 | D:7      | Killed Joseph
  5886 | D:7      | Reached skill level 9 in Long Blades
  6132 | D:7      | Reached XP level 9. HP: 68/78 MP: 6/8
  6546 | D:8      | Noticed a two-headed ogre
  6548 | D:8      | Killed a two-headed ogre
  6548 | D:8      | Reached skill level 10 in Long Blades
  6548 | D:8      | Reached skill level 5 in Throwing
  6555 | D:8      | Noticed MrVivor's ghost (novice SpAs)
  6588 | D:8      | HP: 3/79 [poisoned by MrVivor's ghost]
  6606 | D:8      | Killed MrVivor's ghost
  6607 | D:8      | HP: 5/120 [poisoned by MrVivor's ghost]
  6618 | D:8      | HP: 6/120 [poisoned by MrVivor's ghost]
  7146 | D:8      | Reached XP level 10. HP: 87/88 MP: 9/9
  7272 | D:8      | Noticed a two-headed ogre
  7275 | D:8      | Killed a two-headed ogre
  7385 | D:8      | Noticed a two-headed ogre
  7388 | D:8      | Killed a two-headed ogre
  7388 | D:8      | Reached skill level 11 in Long Blades
  7464 | D:8      | Found an ornate altar of the Wu Jian Council.
  7472 | D:8      | Became a worshipper of the Wu Jian Council
  7472 | D:8      | Reached * piety under Wu Jian
  7472 | D:8      | Reached ** piety under Wu Jian
  7562 | D:9      | Found a staircase to the Orcish Mines.
  7720 | D:9      | Found a staircase to the Lair.
  8937 | D:10     | Entered Level 10 of the Dungeon
  8955 | D:10     | Noticed a gargoyle
  8961 | D:10     | Killed a gargoyle
  8961 | D:10     | Reached XP level 11. HP: 72/97 MP: 6/10
  9890 | D:11     | Found an ornate altar of the Wu Jian Council.
  9929 | D:11     | Reached *** piety under Wu Jian
  9993 | D:11     | Noticed an orange crystal statue
 10030 | D:11     | Killed an orange crystal statue
 10154 | D:11     | Reached skill level 12 in Long Blades
 10231 | D:11     | Noticed a red ugly thing
 10240 | D:11     | Killed a red ugly thing
 10345 | D:11     | Reached skill level 10 in Fighting
 10697 | Lair:1   | Entered Level 1 of the Lair of Beasts
 10891 | Lair:1   | Noticed a five-headed hydra
 10899 | Lair:1   | Killed a seven-headed hydra
 11093 | Lair:1   | Noticed Grum
 11097 | Lair:1   | Killed Grum
 11097 | Lair:1   | Reached skill level 10 in Armour
 11641 | Lair:2   | Noticed Urug
 11651 | Lair:2   | Killed Urug
 11651 | Lair:2   | Reached **** piety under Wu Jian
 11651 | Lair:2   | Reached skill level 10 in Dodging
 11651 | Lair:2   | Reached XP level 12. HP: 81/108 MP: 8/11
 11970 | Lair:2   | Noticed Gastronok
 11974 | Lair:2   | Found a staircase to the Swamp.
 12000 | Lair:2   | Killed Gastronok
 12678 | Lair:3   | Noticed Harold
 12682 | Lair:3   | Reached skill level 13 in Long Blades
 12690 | Lair:3   | Killed Harold
 12854 | Lair:3   | Noticed Snorg
 12867 | Lair:3   | Killed Snorg
 13047 | Lair:3   | Found a hole to the Spider Nest.
 13894 | Lair:4   | Reached XP level 13. HP: 109/117 MP: 12/12
 13908 | Lair:4   | Reached ***** piety under Wu Jian
 14369 | Lair:4   | Found a hide-covered altar of Uskayaw.
 15061 | Lair:5   | Found a staircase to the Slime Pits.
 15062 | Lair:5   | Found a viscous altar of Jiyva.
 15389 | Lair:5   | Reached skill level 10 in Throwing
 15402 | Lair:5   | HP: 3/118 [11-headed hydra (9)]
 15402 | Lair:5   | Mangled by an 11-headed hydra

Vault maps used:
D:1:      saegor_arrival_simple_a
D:2:      uniq_crazy_yiuf_cottage
D:3:      chequers_ecumenical_altar_simple, uniq_natasha
D:4:      overflow_temple_1_default, serial_shops, shop, grunt_ministairs_1,
          hangedman_decor_lopped, minmay_item_behind_shaft
D:5:      minmay_temple_entry_hall, first_bread
D:6:      grunt_temple_overflow_cloverleaf, nemelex_lonely_heart_becter
D:7:      basic_altar, the_bakery, minmay_fountain_box, uniq_menkaure,
          uniq_joseph
D:8:      marbit_many_paths
D:9:      erik_lair_orcish_takeover, orc_0_dummy
D:11:     minmay_separated_statues, basic_altar, st_stairs_8,
          grunt_ministairs_10
Temple:   nicolae_temple_elliptical
Lair:1:   minmay_stone_trees_medium, beast_lair_carwin_9, uniq_grum
Lair:2:   swamp_mist_pool, serial_bayou_lagoon_a, grunt_megastairs_1, uniq_urug,
          uniq_gastronok
Lair:3:   nicolae_spider_entry_orb_guardian, grunt_megastairs_2, uniq_harold,
          uniq_snorg
Lair:4:   basic_altar, serial_bayou_shore_b
Lair:5:   slime_altar_1, forest_entry_grove, infiniplex_staircase_pool_2

Skill      XL: |  1  2  3  4  5  6  7  8  9 10 11 12 13 |
---------------+----------------------------------------+-----
Armour         | 1 2 3 4 5 6 8 10 11 | 11.9
Long Blades    | 4 5 6 7 9 10 11 12 13 | 13.9
Fighting       | 4 5 6 7 9 10 11 12 | 12.2
Throwing       | 1 2 3 4 5 6 8 9 10 | 10.0
Dodging        | 4 5 6 7 8 10 11 | 11.6
Stealth        | |  1.5

Action                   |  1- 3 |  4- 6 |  7- 9 | 10-12 | 13-15 || total
-------------------------+-------+-------+-------+-------+-------++-------
Melee: Falchion          |    54 |   142 |    40 |       |       ||   236
       Headbutt          |     8 |    28 |    25 |   122 |    32 ||   215
       Great sword       |       |       |   121 |   421 |   118 ||   660
 Fire: Blowgun           |       |     2 |     8 |       |       ||    10
Throw: Javelin           |     1 |       |    10 |       |       ||    11
  Use: Scroll            |       |       |    11 |     7 |     1 ||    19
       Potion            |       |       |     9 |       |       ||     9
 Stab: Sleeping          |     3 |     4 |     1 |     3 |     1 ||    12
       Distracted        |       |     2 |       |     2 |       ||     4
  Eat: Chunk             |       |     7 |     4 |    34 |     1 ||    46
       Bread ration      |       |     1 |     1 |     1 |       ||     3
Armor: Robe              |     8 |    20 |       |       |       ||    28
       Ring mail         |       |    13 |    53 |    21 |       ||    87
       Skin              |       |       |    10 |       |       ||    10
       Troll leather arm |       |       |       |   105 |    54 ||   159
Dodge: Dodged            |    44 |    97 |   106 |   419 |   137 ||   803
       Rpst.: Falchion   |    10 |    23 |     6 |       |       ||    39
       Great sword       |       |       |    22 |   111 |    27 ||   160

Table legend:
 A = Spawn XP
 B = Non-spawn XP
 C = Spawn XP percentage of total XP
 D = Spawn monster count
 E = Non-spawn monster count
 F = Spawn count percentage of total count
 G = Total turns spent on level
                    A         B        C        D         E        F      G
               +---------+---------+-------+---------+---------+-------+---------
         Total |       0 |   48020 |   0.0 |       0 |     345 |   0.0 | 15402
               +---------+---------+-------+---------+---------+-------+---------
           D:1 |       0 |      38 |   0.0 |       0 |      18 |   0.0 |   701
           D:2 |       0 |     121 |   0.0 |       0 |      28 |   0.0 |   668
           D:3 |       0 |     222 |   0.0 |       0 |      32 |   0.0 |  1365
           D:4 |       0 |      85 |   0.0 |       0 |       6 |   0.0 |   102
           D:5 |       0 |     672 |   0.0 |       0 |      15 |   0.0 |  1287
           D:6 |       0 |     532 |   0.0 |       0 |       7 |   0.0 |  1001
           D:7 |       0 |    1483 |   0.0 |       0 |      17 |   0.0 |  1175
           D:8 |       0 |    4456 |   0.0 |       0 |      23 |   0.0 |  1071
           D:9 |       0 |    3174 |   0.0 |       0 |      31 |   0.0 |  1455
          D:10 |       0 |    1660 |   0.0 |       0 |      19 |   0.0 |   956
          D:11 |       0 |    5367 |   0.0 |       0 |      39 |   0.0 |   773
        Lair:1 |       0 |    3578 |   0.0 |       0 |      10 |   0.0 |   944
        Lair:2 |       0 |    6459 |   0.0 |       0 |      21 |   0.0 |  1024
        Lair:3 |       0 |    9575 |   0.0 |       0 |      37 |   0.0 |  1184
        Lair:4 |       0 |    6119 |   0.0 |       0 |      25 |   0.0 |  1033
        Lair:5 |       0 |    4479 |   0.0 |       0 |      17 |   0.0 |   520
               +---------+---------+-------+---------+---------+-------+---------
